 Dungeon Crawl Stone Soup version 0.29-a0-973-gac7da5f7f0 (webtiles) character file.

Game seed: 11251434126669694870

224 lorenzova the Conjurer (level 5, -3/28 HPs)
             Began as a Deep Elf Conjurer on July 31, 2022.
             Slain by Eustachio
             ... wielding a +0 falchion
              (10 damage)
             ... on level 4 of the Dungeon.
             The game lasted 00:14:26 (3607 turns).

lorenzova the Conjurer (Deep Elf Conjurer)          Turns: 3607, Time: 00:14:26

Health: -3/28      AC:  2    Str:  4    XL:     5   Next: 67%
Magic:  7/15       EV: 12    Int: 25    God:
Gold:   119        SH:  0    Dex: 13    Spells: 13/16 levels left

rFire   . . .      SeeInvis +   f - staff of conjuration
rCold   . . .      Faith    .   (no shield)
rNeg    . . .      Spirit   .   a - +0 robe
rPois   +          Reflect  .   (no helmet)
rElec   .          Harm     .   (no cloak)
rCorr   .          Rampage  .   (no gloves)
Will    .....                   (no boots)
Stlth   ++........              (no amulet)
HPRegen 0.09/turn               n - ring of poison resistance
MPRegen 0.14/turn               i - ring of see invisible

@: no status effects
A: no striking features
a: no special abilities


You were on level 4 of the Dungeon.
You visited 1 branch of the dungeon, and saw 5 of its levels.

You collected 229 gold pieces.
You spent 110 gold pieces at shops.

Inventory:

Armour
 a - a +0 robe (worn)
Magical Staves
 f - a staff of conjuration (weapon)
Jewellery
 e - a ring of resist corrosion
 i - a ring of see invisible (right hand)
 n - a ring of poison resistance (left hand)
Wands
 j - a wand of roots (6)
Scrolls
 c - a scroll of noise
 g - a scroll of identify
Potions
 b - a potion of magic
 d - a potion of curing {unknown}
 k - 2 potions of heal wounds
 l - a potion of resistance {unknown}
 m - a potion of haste {unknown}


   Skills:
 - Level 2.4 Dodging
 - Level 2.4 Stealth
 + Level 6.0 Spellcasting
 + Level 6.2 Conjurations


You had 13 spell levels left.
You knew the following spells:

 Your Spells              Type           Power      Damage    Failure   Level
a - Magic Dart            Conj           100%       1d8       1%          1
b - Searing Ray           Conj           100%       2d8       1%          2

Your spell library contained the following spells:

 Spells                   Type           Power      Damage    Failure   Level
 Dazzling Flash           Conj/Hex       68%        N/A       6%          3
 Apportation              Tloc           14%        N/A       8%          1
 Mephitic Cloud           Conj/Pois/Air  27%        N/A       10%         3
 Fulminant Prism          Conj/Hex       17%        3d11      21%         4
 Iskenderun's Mystic Bla  Conj/Tloc      34%        2d8       21%         4
 Ignite Poison            Fire/Tmut/Pois 7%         N/A       22%         3
 Freezing Cloud           Conj/Ice/Air   13%        6-21      65%         5
 Alistair's Intoxication  Tmut/Pois      4%         N/A       90%         5


Dungeon Overview and Level Annotations

Branches:
Dungeon (5/15)
 Temple: D:4-7

Altars:
Uskayaw

Shops:
D:2 !

Annotations:
D:4 Eustachio, Pikel


Message History

You kill Natasha!
Natasha screams in pain as she dies!
Your Spellcasting skill increases to level 6!
You start resting.
Magic restored.
You start resting.
Eustachio the Magnificent comes into view.
He is wielding a +0 falchion.
You start resting.
Eustachio is nearby!
Casting: Searing Ray (safe; 1% risk of failure)
Confirm with . or Enter, or press ? or * to list all spells.
Aiming: Searing Ray (safe; 1% risk of failure)
Press: ? - help, Shift-Dir - straight line, f - Eustachio
Aim: Eustachio, wielding a +0 falchion and wearing a +0 leather armour (wandering, hasn't noticed you, 76% to hit)
You feel a surge of power!
The searing ray hits Eustachio.
Eustachio is lightly wounded. (Press . to maintain the ray.)
The searing ray hits Eustachio!
Eustachio is heavily wounded.
Eustachio hits you with a +0 falchion!
The searing ray hits Eustachio!
Eustachio is severely wounded.
Eustachio closely misses you.
The searing ray hits Eustachio!
Eustachio is almost dead.
You finish channelling your searing ray.
Eustachio barely misses you.
Casting: Searing Ray (safe; 1% risk of failure)
Confirm with . or Enter, or press ? or * to list all spells.
Aiming: Searing Ray (safe; 1% risk of failure)
Press: ? - help, Shift-Dir - straight line, f/p - Eustachio
Aim: Eustachio, wielding a +0 falchion and wearing a +0 leather armour (almost dead, 76% to hit)
You feel a surge of power!
The searing ray misses Eustachio. (Press . to maintain the ray.) Eustachio hits you with a +0 falchion!
* * * LOW HITPOINT WARNING * * *
The searing ray hits Eustachio.
Eustachio is almost dead.
Eustachio hits you with a +0 falchion!
You die...

..# #.#.##
### ##.#.#
#..#.# #..#.#
#..#.# ####
#######.#.#
#..
.....(....#
#.#
######....#
#@# ##...#
#######@#
##.#W#
@....†..#
#...>#
#########
##.#+###
#......
######......
.............
.............
##########...


You could see Eustachio.

Vanquished Creatures
  A gnoll bouda (D:4)
  A hound (D:5)
  Ijyb (D:3)
  Natasha (D:4)
  A gnoll (D:4)
  5 adders
  A worm (D:2)
  3 dart slugs (D:2)
  An orc (D:3)
  4 endoplasms
  6 hobgoblins
  4 jackals (D:3)
  2 quokkas
  5 ball pythons
  4 bats
  2 frilled lizards (D:3)
  A goblin (D:1)
  5 kobolds
  6 rats
54 creatures vanquished.

Notes
Turn   | Place    | Note
-------+----------+-------------------------------------------
     0 | D:1      | lorenzova the Deep Elf Conjurer began the quest for the
                  | Orb.
     0 | D:1      | Reached XP level 1. HP: 10/10 MP: 6/6
    72 | D:1      | Found a faded altar of an unknown god.
   586 | D:1      | Reached XP level 2. HP: 15/15 MP: 6/8
   589 | D:1      | Learned a level 2 spell: Searing Ray
  1427 | D:2      | Reached XP level 3. HP: 19/19 MP: 5/10
  1489 | D:2      | Found Enuargh's Distillery.
  1493 | D:2      | Bought 2 potions of heal wounds for 110 gold pieces
  1511 | D:2      | Reached skill level 5 in Conjurations
  2015 | D:3      | Reached XP level 4. HP: 24/24 MP: 8/12
  2339 | D:3      | Noticed Ijyb
  2388 | D:3      | Killed Ijyb
  2389 | D:3      | Reached skill level 5 in Spellcasting
  2725 | D:3      | Found a hide-covered altar of Uskayaw.
  3001 | D:4      | Reached XP level 5. HP: 28/28 MP: 7/14
  3262 | D:4      | Noticed a phantom
  3297 | D:5      | Entered Level 5 of the Dungeon
  3363 | D:4      | Noticed Pikel
  3363 | D:4      | Noticed a lemure
  3363 | D:4      | Noticed a lemure
  3537 | D:4      | Noticed Natasha
  3542 | D:4      | Killed Natasha
  3595 | D:4      | Noticed Eustachio
  3607 | D:4      | Slain by Eustachio

Illustrated notes

Levels and vault maps discovered:
D:1:      saegor_arrival_simple_c, layout_basic, ebering_ecumenical_altar_webs
D:2:      layout_rooms, serial_shops, shop
D:3:      layout_loops_corners, lemuel_coloured_pillars_altar, uniq_ijyb
D:4:      layout_basic, serial_co_window_serial, co_window_cross_1,
          co_window_paths_a, co_window_paths_a, co_window_of_opportunity_a,
          co_window_paths_a, co_window_paths_c, co_window_broadway_c,
          co_window_broadway_a, co_window_paths_c, co_window_broadway_c,
          co_window_of_opportunity_b, co_window_unsneaky_path_a,
          co_window_paths_e, glass_columns_a, glass_columns_a, glass_columns_a,
          hangedman_decor_peaks_small, uniq_blork_the_orc, uniq_eustachio,
          uniq_crazy_yiuf_cottage, uniq_natasha, uniq_pikel
D:5:      layout_loops_ring, lemuel_tele_altar, serial_shops,
          nicolae_shop_crystal, uniq_edmund

Skill      XL: |  1  2  3  4  5 |
---------------+----------------+-----
Spellcasting   | 4 5 6 |  6.0
Conjurations   | 5 6 |  6.2
Dodging        | |  2.4
Stealth        | |  2.4

Action                   |  1- 3 |  4- 6 || total
-------------------------+-------+-------++-------
 Cast: Magic Dart        |    76 |    28 ||   104
       Searing Ray       |       |     7 ||     7
  Use: Scroll            |       |     3 ||     3
Armor: Robe              |       |     1 ||     1
Dodge: Dodged            |     3 |     6 ||     9

Table legend: (Time is in decaauts)
 A = Elapsed time spent in this place.
 B = Non-inter-level travel time spent in this place.
 C = Inter-level travel time spent in this place.
 D = Time resting spent in this place.
 E = Time spent auto-exploring this place.
 F = Levels seen in this place.
 G = Mean time per level.
                   A        B        C        D        E       F      G
               +--------+--------+--------+--------+--------+-----+--------+
         Total |   3603 |   3536 |     67 |    704 |   2418 |   5 |  720.6 |
       Dungeon |   3603 |   3536 |     67 |    704 |   2418 |   5 |  720.6 |
               +--------+--------+--------+--------+--------+-----+--------+

Top non-repeatable levels by time:
     D:3: 1235 daAuts
     D:1: 1057 daAuts
     D:2: 799 daAuts
     D:4: 476 daAuts
     D:5: 35 daAuts
